 Dungeon Crawl Stone Soup version 0.22-a0-538-g76cc104 (webtiles) character file.

22 iamserjio the Charmwright (level 2, -1/15 HPs)
             Began as a Vine Stalker Skald on June 23, 2018.
             Was an Initiate of Cheibriados.
             Slain by a worker ant zombie (4 damage)
             ... on level 6 of the Dungeon.
             The game lasted 00:03:27 (599 turns).

iamserjio the Charmwright (Vine Stalker Skald)       Turns: 599, Time: 00:03:28

Health: -1/15      AC:  3    Str: 14    XL:     2   Next: 91%
Magic:  0/6        EV: 12    Int: 14    God:    Cheibriados [......]
Gold:   40         SH:  0    Dex: 14    Spells: 0/5 levels left

rFire    + . .     SeeInvis .   i - +0 trident
rCold    x . .     Gourm    .   (no shield)
rNeg     . . .     Faith    .   b - +0 leather armour
rPois    .         Spirit   +   (no helmet)
rElec    .         Reflect  .   (no cloak)
rCorr    .         Harm     .   (no gloves)
MR       .....                  (no boots)
Stlth    +.........             c - amulet of regeneration
HPRegen  0.45/turn              l - ring of fire
MPRegen  0.10/turn              (no ring)

@: infused, singing, slow
A: fangs 2, magic shield, antimagic bite, no potion heal 3, rot immunity
a: Bend Time, Renounce Religion


You were on level 6 of the Dungeon.
You worshipped Cheibriados.
Cheibriados was noncommittal.
You were not hungry.

You visited 2 branches of the dungeon, and saw 7 of its levels.

You collected 40 gold pieces.

Inventory:

Hand Weapons
 a - a +0 spear
 i - a +0 trident (weapon)
Armour
 b - a +0 leather armour (worn)
Jewellery
 c - an amulet of regeneration (around neck)
 l - a ring of fire (left hand)
Scrolls
 g - a scroll of remove curse {@r2}
 j - a scroll of fog
Potions
 e - 3 potions of curing {unknown}
 f - a potion of haste {unknown}
 h - 2 potions of mutation {unknown}
Comestibles
 d - 3 rations


   Skills:
 + Level 2.2 Fighting
 * Level 2.6 Polearms
 - Level 0.7 Armour
 - Level 1.5 Dodging
 - Level 2.1 Spellcasting
 - Level 3.0 Charms


You couldn't memorise any spells.
You knew the following spells:

 Your Spells              Type           Power        Failure   Level  Hunger
a - Infusion              Chrm           #...         9%          1    #......
b - Song of Slaying       Chrm           #.......     13%         2    ###....
c - Shroud of Golubria    Chrm/Tloc      #.........   24%         2    ###....

Your spell library contained the following spells:

 Spells                   Type           Power        Failure   Level  Hunger
 Regeneration             Chrm/Necr      #.........   43%         3    ###....
 Spectral Weapon          Hex/Chrm       #.......     43%         3    ###....


Dungeon Overview and Level Annotations

Branches:
Dungeon (6/15)             Temple (1/1) D:4

Altars:
Cheibriados
Dithmenos
Fedhas
Kikubaaqudgha
Okawaru
Ru
Sif Muna
Uskayaw
Wu Jian
Yredelemnul
Zin
The Shining One


Innate Abilities, Weirdness & Mutations

You have extremely sharp teeth.
When hurt, damage is shared between your health and your magic reserves.
Your bite disrupts and absorbs the magic of your enemies.
Potions cannot restore your health.
You are immune to rotting.


Message History

The jackal misses you. The jackal bites you. The jackal misses you.
The worker ant zombie bites you. The crimson imp hits you.
You hit the worker ant zombie.
You bite the worker ant zombie, but do no damage.
The worker ant zombie is heavily damaged.
The jackal bites you. The jackal barely misses you.
The worker ant zombie bites you. The crimson imp barely misses you.
The jackal misses you.
You hit the worker ant zombie.
The worker ant zombie is heavily damaged.
The jackal bites you. x2; The worker ant zombie bites you.
* * * LOW HITPOINT WARNING * * *
The jackal misses you. The crimson imp closely misses you.
You barely miss the crimson imp.
You bite the crimson imp, but do no damage.
The jackal bites you but does no damage.
The jackal bites you.
* * * LOW HITPOINT WARNING * * *
The worker ant zombie bites you.
You die...

###########
#####.....#....
..............
#..?.........
#............
###...5h.......
......h@.......
.......Z.....).
...?.<.........
##.............
#>.#[....#....
##.(.....#####
##.....##
#....##


You could see a crimson imp, a worker ant zombie and 2 jackals.

Vanquished Creatures
  2 oozes
  An adder skeleton (D:4)
  An orc (D:4)
  A giant cockroach (D:4)
  A goblin (D:4)
  A hobgoblin (D:1)
  A quokka (D:5)
  A frilled lizard (D:1)
  A rat (D:1)
10 creatures vanquished.

Notes
Turn   | Place    | Note
-------+----------+-------------------------------------------
     0 | D:1      | iamserjio the Vine Stalker Skald began the quest for the Orb.
     0 | D:1      | Reached XP level 1. HP: 11/11 MP: 4/4
    46 | D:1      | Reached XP level 2. HP: 5/15 MP: 0/6
    53 | D:1      | Learned a level 2 spell: Song of Slaying
    56 | D:1      | Learned a level 2 spell: Shroud of Golubria
   187 | D:4      | Found a staircase to the Ecumenical Temple.
   195 | Temple   | Entered the Ecumenical Temple
   241 | Temple   | Became a worshipper of Cheibriados the Contemplative
   336 | D:3      | Found a shadowy altar of Dithmenos.
   565 | D:5      | Entered Level 5 of the Dungeon
   593 | D:6      | Noticed a crimson imp
   599 | D:6      | Slain by a worker ant zombie

Vault maps used:
D:1:      dpeg_arrival_lava_temple_mockup
D:2:      lightli_temple_of_fire, first_ration, uniq_terence
D:3:      nicolae_overflow_hidden_temple, portal_sewer_entry_b, st_stairs_10
D:4:      kennysheep_little_box, minmay_temple_entry_hall,
          kennysheep_generic_room_7
D:5:      grunt_temple_overflow_lords_of_destruction,
          lemuel_coloured_pillars_altar
D:6:      hangedman_decor_peaks_small, uniq_sigmund, uniq_menkaure, uniq_grinder
Temple:   regret_index_temple_waves

Skill      XL: |  1 |
---------------+----+-----
Polearms       | 2 |  2.6
Fighting       | 2 |  2.2
Armour         | |  0.7
Dodging        | |  1.5
Spellcasting   | |  2.1
Charms         | |  3.0

Action                   || total
-------------------------++-------
Melee: Spear             ||    18
       Bite              ||    12
       Trident           ||    17
 Cast: Infusion          ||     3
       Song of Slaying   ||     1
  Use: Scroll            ||     3
Armor: Leather armour    ||     4
Dodge: Dodged            ||    21

Table legend:
 A = Spawn XP
 B = Non-spawn XP
 C = Spawn XP percentage of total XP
 D = Spawn monster count
 E = Non-spawn monster count
 F = Spawn count percentage of total count
 G = Total turns spent on level
                    A         B        C        D         E        F      G
               +---------+---------+-------+---------+---------+-------+---------
         Total |       0 |      32 |   0.0 |       0 |      10 |   0.0 |   599
               +---------+---------+-------+---------+---------+-------+---------
           D:1 |       0 |      11 |   0.0 |       0 |       4 |   0.0 |    92
           D:4 |       0 |      19 |   0.0 |       0 |       5 |   0.0 |   347
           D:5 |       0 |       2 |   0.0 |       0 |       1 |   0.0 |    28
               +---------+---------+-------+---------+---------+-------+---------
